Map: Jagannatha LE

Players

Serral - Winner!

  • Race: Zerg Zerg
  • League: Grandmaster

Neeblet (Neeb)

  • Race: Protoss Protoss

Event: TSL 7

VOD

Have the link to the VOD?

Description

Time

  • Played on: June 13, 2021, 9:59 a.m.
  • Length: 13:36

All games in this series

Show
View Real Time Build Order
Export as new Build Order

Serral Zerg - Winner!

Build Orders: Pool First, Swarm Host 

Get SALT Encoding   

  12  0:00  Drone  
  13  0:12  Overlord  
  13  0:16  Drone  
  14  0:30  Drone x2  
  16  0:41  Spawning Pool  
  15  0:45  Drone  
  16  1:07  Drone  
  16  1:11  Hatchery  
  16  1:14  Drone  
  17  1:20  Drone  
  17  1:21  Extractor  
  17  1:28  Zergling x2  
  18  1:34  Queen  
  18  1:38  Drone  
  21  1:43  Overlord  
  21  1:50  Drone  
  22  2:01  Drone  
  23  2:09  Queen  
  23  2:12  Drone  
  26  2:23  Queen, Zergling x2  
  26  2:24  Drone  
  26  2:26  Metabolic Boost  
  30  2:33  Drone  
  30  2:34  Drone  
  32  2:43  Drone x3  
  34  2:45  Drone  
  35  2:51  Overlord  
  35  2:59  Drone  
  35  3:05  Hatchery  
  35  3:07  Drone  
  35  3:10  Overlord  
  36  3:13  Drone  
  36  3:16  Zergling x2  
  36  3:17  Zergling x2  
  36  3:18  Drone  
  40  3:20  Drone  
  40  3:22  Drone  
  42  3:28  Drone  
  42  3:30  Drone  
  42  3:33  Queen  
  46  3:37  Queen  
  47  3:41  Zergling x4  
  47  3:46  Overlord  
  47  3:47  Zergling x2  
  48  3:51  Spore Crawler  
  48  3:52  Drone x2  
  49  3:57  Overlord  
  49  3:59  Drone, Zergling x2  
  51  4:04  Drone x3  
  51  4:06  Spore Crawler  
  53  4:13  Zergling x2  
  53  4:14  Drone  
  55  4:17  Drone  
  55  4:19  Drone  
  55  4:22  Queen  
  55  4:24  Overlord  
  59  4:25  Drone x2  
  59  4:27  Drone  
  62  4:33  Drone  
  62  4:34  Drone  
  62  4:35  Roach Warren  
  62  4:36  Zergling x2  
  64  4:39  Overlord  
  64  4:41  Drone  
  64  4:43  Spore Crawler  
  64  4:47  Lair  
  64  4:49  Extractor, Drone  
  64  4:50  Extractor  
  64  4:51  Drone  
  64  4:54  Drone x2  
  64  4:56  Drone  
  64  4:59  Zergling x2  
  68  5:00  Drone x3  
  71  5:09  Evolution Chamber  
  71  5:10  Drone x3  
  71  5:19  Drone x6  
  75  5:23  Zergling x2  
  75  5:24  Drone x2  
  75  5:25  Drone  
  75  5:29  Drone  
  75  5:30  Drone  
  75  5:33  Drone x2  
  75  5:35  Zerg Missile Weapons Level 1  
  79  5:37  Overlord  
  79  5:42  Drone x2  
  79  5:43  Drone  
  79  5:47  Drone  
  79  5:49  Overlord  
  81  5:54  Extractor  
  81  5:55  Extractor, Drone  
  81  5:56  Drone x3  
  80  5:57  Drone, Extractor  
  80  5:59  Drone x2  
  81  6:06  Glial Reconstitution  
  81  6:08  Overlord, Infestation Pit  
  80  6:11  Drone x2  
  80  6:12  Drone  
  80  6:13  Drone  
  84  6:21  Hatchery  
  84  6:23  Drone x2  
  85  6:27  Overlord  
  85  6:29  Overseer  
  85  6:31  Roach  
  85  6:32  Roach x2  
  90  6:35  Roach x2  
  90  6:39  Roach  
  96  6:42  Overlord x2  
  96  6:46  Overlord  
  96  6:51  Roach x4  
  104  6:56  Overlord x2  
  104  7:08  Baneling Nest  
  103  7:16  Swarm Host x7  
  103  7:20  Swarm Host x2  
  103  7:21  Swarm Host  
  103  7:22  Nydus Network  
  132  7:25  Drone  
  132  7:27  Roach x2  
  137  7:31  Ravager  
  137  7:33  Zerg Melee Weapons Level 1, Ravager  
  137  7:35  Zergling x10  
  144  7:41  Zergling x6  
  144  7:43  Queen  
  149  7:49  Zergling x2, Roach  
  149  7:50  Zergling x2  
  151  7:53  Overlord  
  151  7:55  Zergling x4  
  140  7:59  Zergling x8  
  140  8:03  Overlord  
  140  8:04  Overlord  
  140  8:07  Ravager x3  
  140  8:11  Nydus Canal  
  145  8:13  Roach x5  
  145  8:16  Roach x3  
  159  8:21  Roach  
  156  8:32  Roach x7  
  162  8:38  Zergling x2, Roach x5  
  165  8:43  Overlord  
  160  8:48  Zergling x2  
  160  8:49  Zergling x6  
  160  8:53  Zergling x6  
  164  8:58  Zergling x6  
  164  8:59  Nydus Canal  
  167  9:03  Zergling x6  
  167  9:08  Centrifical Hooks  
  170  9:18  Drone x13  
  176  9:29  Overlord x2  
  176  9:30  Overlord x3  
  176  9:35  Zerg Melee Weapons Level 2  
  176  9:39  Nydus Canal  
  176  9:47  Hive  
  176  9:48  Spire  
  176  9:52  Baneling x8  
  175  9:58  Zergling x22  
  185  10:08  Extractor, Overseer  
  185  10:09  Pneumatized Carapace  
  185  10:11  Drone x2, Nydus Canal  
  185  10:12  Drone  
  186  10:17  Zergling x12  
  190  10:28  Baneling x4  
  190  10:29  Baneling x4  
  190  10:30  Zergling x18  
  197  10:41  Zergling x2  
  197  10:42  Zergling x20  
  199  10:46  Baneling  
  199  10:47  Baneling x11  
  199  10:48  Nydus Canal  
  195  10:55  Zergling x16  
  195  10:56  Zergling x4  
  174  11:05  Zergling x4, Roach x4  
  174  11:10  Baneling x9  
  174  11:11  Baneling  
  184  11:13  Greater Spire, Adrenal Glands  
  184  11:15  Nydus Canal  
  180  11:25  Zergling x16  
  187  11:33  Evolution Chamber  
  187  11:35  Baneling x5  
  187  11:36  Baneling x2  
  187  11:38  Baneling x15  
  186  11:42  Extractor  
  186  11:43  Drone x3  
  186  11:46  Nydus Canal  
  187  11:49  Zergling x14  
  192  12:00  Zergling x12  
  192  12:01  Hatchery, Zergling x8  
  188  12:13  Zergling x28  
  183  12:17  Zergling x2  
  183  12:18  Zergling x4  
  184  12:22  Zergling x2  
  184  12:28  Baneling x13  
  183  12:31  Nydus Canal  
  184  12:37  Drone x4  
  184  12:39  Baneling  
  184  12:40  Baneling x5  
  183  13:00  Zergling x34  
  200  13:10  Zergling x12  
  182  13:24  Nydus Canal  
Show
View Real Time Build Order
Export as new Build Order

Neeblet Protoss 

Build Orders: 1 Gate Expand, Oracle Opening 

Get SALT Encoding   

  12  0:00  Probe  
  13  0:12  Probe  
  14  0:20  Pylon  
  14  0:24  Probe  
  15  0:38  Probe (Chrono Boost)  
  15  0:40  Gateway  
  16  0:47  Probe (Chrono Boost)  
  17  0:50  Assimilator  
  17  0:52  Probe  
  18  1:04  Probe  
  19  1:17  Probe  
  20  1:27  Nexus  
  20  1:37  Cybernetics Core  
  20  1:40  Probe  
  20  1:46  Pylon  
  21  1:52  Probe  
  22  1:55  Assimilator  
  22  2:04  Probe  
  23  2:10  Adept (Chrono Boost)  
  23  2:12  Probe  
  25  2:20  Probe  
  26  2:26  Stargate  
  27  2:30  Probe  
  27  2:36  Adept  
  30  2:40  Probe (Chrono Boost)  
  32  2:48  Probe (Chrono Boost), Warp Gate  
  33  2:51  Probe (Chrono Boost)  
  33  2:56  Probe x2 (Chrono Boost)  
  35  3:06  Probe, Void Ray (Chrono Boost), Adept  
  35  3:07  Probe  
  35  3:11  Pylon  
  39  3:19  Probe  
  44  3:21  Probe  
  45  3:31  Probe  
  45  3:32  Pylon  
  45  3:33  Probe  
  47  3:43  Probe  
  47  3:48  Oracle (Chrono Boost)  
  48  3:49  Probe  
  50  3:56  Probe  
  50  4:00  Gateway  
  50  4:01  Probe  
  52  4:08  Probe, Nexus  
  53  4:11  Pylon  
  53  4:13  Probe  
  54  4:18  Oracle  
  54  4:21  Probe  
  58  4:27  Probe, Assimilator  
  58  4:29  Assimilator  
  59  4:31  Pylon  
  59  4:33  Probe  
  59  4:36  Adept  
  62  4:40  Probe  
  63  4:45  Probe  
  63  4:51  Forge  
  63  4:52  Probe  
  65  4:54  Twilight Council  
  65  4:57  Probe (Chrono Boost), Shield Battery  
  65  4:58  Adept x2  
  70  5:00  Pylon  
  70  5:04  Probe (Chrono Boost)  
  71  5:10  Probe (Chrono Boost)  
  71  5:14  Probe (Chrono Boost)  
  73  5:17  Probe (Chrono Boost)  
  70  5:22  Blink  
  70  5:23  Probe (Chrono Boost)  
  70  5:24  Probe (Chrono Boost)  
  70  5:26  Protoss Ground Weapons Level 1 (Chrono Boost)  
  70  5:27  Probe (Chrono Boost)  
  73  5:31  Sentry  
  77  5:35  Gateway  
  77  5:36  Probe (Chrono Boost)  
  77  5:37  Gateway  
  77  5:39  Probe x2 (Chrono Boost)  
  77  5:41  Probe (Chrono Boost)  
  77  5:42  Assimilator  
  77  5:44  Assimilator  
  77  5:46  Probe  
  77  5:47  Gateway  
  77  5:49  Probe, Gateway  
  77  5:51  Probe  
  78  5:58  Sentry x2  
  78  5:59  Probe  
  78  6:00  Gateway  
  78  6:02  Gateway  
  83  6:06  Probe x2  
  83  6:07  Robotics Facility  
  83  6:11  Probe  
  86  6:19  Pylon  
  86  6:21  Pylon  
  86  6:24  Sentry x2  
  90  6:27  Photon Cannon  
  90  6:28  Nexus  
  90  6:32  Pylon  
  90  6:35  Stalker x2  
  91  6:43  Probe x2  
  91  6:45  Probe  
  94  6:49  Stalker x4  
  102  6:55  Probe x2, Photon Cannon  
  102  6:56  Shield Battery  
  102  7:00  Probe  
  105  7:07  Observer (Chrono Boost)  
  105  7:08  Probe  
  107  7:09  Probe  
  107  7:11  Robotics Bay  
  107  7:12  Probe  
  109  7:18  Stalker x3  
  109  7:19  Protoss Ground Weapons Level 2 (Chrono Boost), Stalker x2  
  109  7:20  Probe  
  109  7:21  Charge  
  120  7:28  Probe x2  
  122  7:33  Pylon  
  122  7:38  Stalker  
  124  7:44  Pylon  
  124  7:45  Pylon  
  124  7:47  Pylon, Stalker x2  
  124  7:48  Stalker  
  124  7:50  Pylon  
  127  7:56  Probe x3  
  128  8:00  Probe  
  128  8:05  Stalker x5  
  135  8:08  Probe x2  
  135  8:09  Probe  
  135  8:11  Disruptor  
  145  8:18  Stalker x3  
  151  8:20  Assimilator  
  151  8:21  Assimilator  
  145  8:28  Stalker x2  
  145  8:29  Stalker x3  
  128  8:42  Probe  
  128  8:47  Disruptor  
  124  8:50  Stalker x3  
  130  9:00  Photon Cannon  
  130  9:03  Photon Cannon  
  130  9:05  Photon Cannon  
  130  9:06  Shield Battery  
  130  9:08  Shield Battery  
  130  9:09  Stalker x5  
  138  9:20  Stalker x2  
  138  9:21  Stalker  
  138  9:23  Disruptor  
  145  9:25  Fleet Beacon  
  145  9:26  Stargate  
  145  9:28  Pylon  
  145  9:35  Stargate  
  145  9:43  Stalker x2  
  145  9:44  Stalker x3, Protoss Air Weapons Level 1 (Chrono Boost)  
  153  10:01  Protoss Ground Weapons Level 3 (Chrono Boost)  
  151  10:08  Zealot x7  
  151  10:09  Gateway, Zealot  
  151  10:10  Gateway  
  151  10:13  Gateway  
  167  10:14  Templar Archives  
  167  10:15  Gateway  
  167  10:25  Photon Cannon  
  167  10:27  Nexus  
  167  10:31  Photon Cannon  
  167  10:32  Pylon  
  167  10:36  Stalker x5  
  173  10:46  Probe x2  
  175  10:54  Stalker  
  175  10:55  Stalker x2  
  171  11:02  Stalker x5  
  171  11:03  Probe  
  156  11:05  Probe  
  156  11:11  Probe  
  157  11:12  Probe  
  157  11:15  Probe  
  157  11:17  Probe  
  158  11:23  High Templar x3  
  161  11:27  High Templar x2  
  161  11:28  High Templar, Zealot x2  
  161  11:29  Probe  
  161  11:30  Probe x2  
  166  11:33  Probe  
  166  11:34  Archon  
  166  11:35  Archon x2  
  167  11:46  Probe  
  169  11:52  Photon Cannon, Carrier  
  169  11:53  Shield Battery  
  173  11:59  Zealot x6  
  179  12:03  Carrier  
  179  12:14  Disruptor  
  145  12:17  Stalker  
  145  12:20  Stalker x2  
  130  12:23  Probe (Chrono Boost)  
  130  12:24  Probe x2 (Chrono Boost)  
  130  12:25  Probe (Chrono Boost)  
  130  12:28  Pylon  
  133  12:30  Pylon  
  133  12:33  Probe (Chrono Boost)  
  133  12:34  Probe x3 (Chrono Boost)  
  137  12:38  Probe x3 (Chrono Boost)  
  137  12:39  Probe (Chrono Boost)  
  141  12:50  Probe  
  142  12:52  High Templar x4, Zealot x2  
  142  12:53  Zealot x2  
  158  13:03  Archon  
  158  13:04  Archon  
  152  13:06  Probe x2  
  122  13:21  Stalker x2  
  122  13:24  Stalker x3  
Tags
 
Add a new tag
Caveats
  • Supply blocks, unpowered buildings, or Contaminate may cause inaccurate times.
  • Supply counts are checked every 10 seconds.